 Dungeon Crawl Stone Soup version 0.30-a0-222-ge547ba4400 (webtiles) character file.

Game seed: 2818713623440956731

422 freelancePsychic the Sneak (level 6, 0/37 HPs)
             Began as a Deep Elf Gladiator on Oct 8, 2022.
             Slain by a gnoll
             ... wielding a +0 flail
              (18 damage)
             ... on level 4 of the Dungeon.
             The game lasted 00:05:22 (2890 turns).

freelancePsychic the Sneak (Deep Elf Gladiator)     Turns: 2890, Time: 00:05:23

Health: 0/37       AC: 12    Str: 13    XL:     6   Next: 63%
Magic:  8/8        EV: 13    Int: 13    God:
Gold:   212        SH:  5    Dex: 21    Spells: 5/5 levels left

rFire   . . .      SeeInvis .    w - +0 sling
rCold   . . .      Faith    .    (no shield)
rNeg    . . .      Spirit   .    u - +1 ring mail "Nefak" {Dex+3}
rPois   .          Reflect  +    d - +2 hat "Xeiffiu" {rElec Will+ Str+2}
rElec   +          Harm     .    (no cloak)
rCorr   .          Rampage  .    (no gloves)
Will    +....                    (no boots)
Stlth   +++.......               k - amulet of reflection
HPRegen 0.26/turn                m - +4 ring of protection
MPRegen 0.11/turn                (no ring)

@: no status effects
A: no striking features
a: no special abilities


You were on level 4 of the Dungeon.
You visited 1 branch of the dungeon, and saw 4 of its levels.

You collected 212 gold pieces.

Inventory:

Hand Weapons
 a - a +0 rapier
 w - a +0 sling (weapon)
Missiles
 e - a javelin (quivered)
Armour
 b - a +0 leather armour
 d - the +2 hat "Xeiffiu" (worn) {rElec Will+ Str+2}
   (You acquired it on level 3 of the Dungeon)

   Str:       It affects your strength (+2).
   rElec:     It insulates you from electricity.
   Will:      It increases your willpower.
 u - the +1 ring mail "Nefak" (worn) {Dex+3}
   (You found it on level 3 of the Dungeon)

   Dex:       It affects your dexterity (+3).
Jewellery
 k - an amulet of reflection (around neck)
 m - a +4 ring of protection (left hand)
 q - a ring of ice
 v - a ring of protection from fire
Wands
 r - a wand of roots (10)
 t - a wand of charming (12)
Scrolls
 l - 2 scrolls of teleportation {@r4}
 n - a scroll of immolation
 p - 3 scrolls of fear
 y - a scroll of vulnerability {unknown}
 z - 2 scrolls of identify {@r1}
Potions
 c - a potion of flight {unknown}
 f - 2 potions of lignification {unknown}
 g - 2 potions of heal wounds {unknown}
 h - 5 potions of curing {@q1}
 i - a potion of haste {unknown}
 j - a potion of magic
 o - a potion of invisibility {unknown}
 s - a potion of ambrosia {unknown}
 x - a potion of brilliance {unknown}
 A - a potion of berserk rage


   Skills:
 + Level 3.4 Fighting
 - Level 3.0 Short Blades
 * Level 2.8 Ranged Weapons
 - Level 2.0 Throwing
 + Level 4.1 Dodging
 - Level 6.3 Stealth


You had 5 spell levels left.
You didn't know any spells.
Your spell library contained the following spells:

 Spells                   Type           Power      Damage    Failure   Level
 Freeze                   Ice            0%         1d3       56%         1
 Dazzling Flash           Conj/Hex       0%         N/A       90%         3
 Frozen Ramparts          Ice            0%         1d1       90%         3
 Hailstorm                Conj/Ice       0%         3d3       90%         3
 Iskenderun's Mystic Bla  Conj/Tloc      0%         2d3       100%        4
 Starburst                Conj/Fire      0%         6d3       100%        6


Dungeon Overview and Level Annotations

Branches:
Dungeon (4/15)
 Temple: D:4-7

Altars:

Shops:
D:2 [


Message History

No target in view!
No target in view!
No target in view!
No target in view!
No target in view!
No target in view!
No target in view!
HP restored.
e - a javelin A gnoll is nearby!
A gnoll is nearby!
A gnoll is nearby!
You shoot a sling bullet.
The sling bullet barely misses the gnoll.
The gnoll shouts!
You shoot a sling bullet. The sling bullet hits the gnoll.
The gnoll is moderately wounded.
You shoot a sling bullet.
The sling bullet barely misses the gnoll.
The gnoll drinks a potion.
The gnoll goes berserk!
You shoot a sling bullet.
The sling bullet closely misses the gnoll.
You block the gnoll's attack.
You shoot a sling bullet.
The sling bullet hits the gnoll but does no damage.
The gnoll is moderately wounded.
You block the gnoll's attack. The gnoll barely misses you.
You shoot a sling bullet.
The sling bullet barely misses the gnoll.
The gnoll closely misses you. x2
You shoot a sling bullet.
The sling bullet closely misses the gnoll.
You block the gnoll's attack. x2
You shoot a sling bullet. The sling bullet hits the gnoll.
The gnoll is heavily wounded.
The gnoll hits you with a +0 flail! The gnoll closely misses you.
You shoot a sling bullet.
The sling bullet closely misses the gnoll.
The gnoll hits you with a +0 flail! The gnoll hits you with a +0 flail!!
You die...

######.###.##.#
#...g..###....#
#.####.##...##### #.#
##............ #)#
##........... #.#
##[###.#########
#<#####.#####.##...[[.
#...........#.##.#####
#####@#####.#.##.##
########g#
#..##...####
.ggK.....#
#.....#..(..
.####g#..#
#...#.<.###. # #..#
#....#.## .
#.............# .
#.#####.....### . #.#
#....## . ..# #.#... .


You could see a gnoll (berserk).

Vanquished Creatures
  Sigmund (D:2)
  2 iguanas (D:4)
  Ijyb (D:3)
  An orc wizard (D:4)
  6 gnolls
  2 adders
  A dart slug (D:2)
  4 orcs (D:4)
  3 bats
  9 endoplasms
  3 giant cockroaches
  9 goblins
  2 hobgoblins
  4 jackals (D:3)
  9 kobolds
  3 quokkas
  9 ball pythons
  4 frilled lizards
  9 rats
82 creatures vanquished.

Notes
Turn   | Place    | Note
-------+----------+-------------------------------------------
     0 | D:1      | freelancePsychic the Deep Elf Gladiator began the quest for
                  | the Orb.
     0 | D:1      | Reached XP level 1. HP: 12/12 MP: 3/3
    50 | D:1      | Reached skill level 1 in Stealth
   182 | D:1      | Reached XP level 2. HP: 14/17 MP: 4/4
   206 | D:1      | Reached skill level 2 in Stealth
   637 | D:2      | You fall into a shaft and drop 2 floors!
   668 | D:3      | Reached skill level 3 in Stealth
   668 | D:3      | Reached XP level 3. HP: 15/21 MP: 5/5
   916 | D:2      | Found Koelax's Antique Armour Shoppe.
  1246 | D:2      | Noticed Sigmund
  1252 | D:2      | Killed Sigmund
  1253 | D:2      | Reached skill level 5 in Stealth
  1253 | D:2      | Reached XP level 4. HP: 28/28 MP: 6/6
  1253 | D:2      | Reached XP level 5. HP: 32/32 MP: 7/7
  1255 | D:2      | Reached skill level 6 in Stealth
  1298 | D:3      | Identified a scroll of acquirement
  1298 | D:3      | Acquired the +2 hat "Xeiffiu" {rElec Will+ Str+2}
  1407 | D:3      | Noticed Ijyb
  1418 | D:3      | Killed Ijyb
  1758 | D:3      | Found a faded altar of an unknown god.
  1770 | D:3      | Identified the +1 ring mail "Nefak" {Dex+3}
  2100 | D:4      | Reached XP level 6. HP: 37/37 MP: 8/8
  2144 | D:4      | Reached skill level 1 in Ranged Weapons
  2890 | D:4      | Slain by a gnoll

Illustrated notes

Levels and vault maps discovered:
D:1:      minmay_arrival_hallway, layout_loops_ring
D:2:      layout_rooms, serial_shops, shop, kennysheep_generic_room_13,
          uniq_sigmund
D:3:      layout_loops_ring, hellmonk_ecumenical_altar_blasted, minmay_between,
          uniq_ijyb
D:4:      layout_loops_ring, minmay_misc_feat_diagonals

Skill      XL: |  1  2  3  4  5  6 |
---------------+-------------------+-----
Stealth        | 1 3 5 6 |  6.3
Fighting       | 2 3 |  3.4
Ranged Weapons | 2 |  2.8
Dodging        | 4 |  4.1
Short Blades   | |  3.0
Throwing       | |  2.0

Action                   |  1- 3 |  4- 6 || total
-------------------------+-------+-------++-------
Melee: Rapier            |   104 |    73 ||   177
       Punch             |     1 |     2 ||     3
 Fire: Sling             |       |   107 ||   107
Throw: Throwing net      |     4 |       ||     4
       Javelin           |     1 |     2 ||     3
Evoke: Wand              |       |     1 ||     1
  Use: Scroll            |     1 |     4 ||     5
 Stab: Sleeping          |    12 |     4 ||    16
       Held in net/web   |     1 |       ||     1
Armor: Leather armour    |    34 |     9 ||    43
       Ring mail         |       |    36 ||    36
Dodge: Dodged            |    63 |    65 ||   128
Block: Other             |     1 |    26 ||    27

Table legend: (Time is in decaauts)
 A = Elapsed time spent in this place.
 B = Non-inter-level travel time spent in this place.
 C = Inter-level travel time spent in this place.
 D = Time resting spent in this place.
 E = Time spent auto-exploring this place.
 F = Levels seen in this place.
 G = Mean time per level.
                   A        B        C        D        E       F      G
               +--------+--------+--------+--------+--------+-----+--------+
         Total |   2944 |   2745 |    199 |     43 |   1983 |   4 |  736.0 |
       Dungeon |   2944 |   2745 |    199 |     43 |   1983 |   4 |  736.0 |
               +--------+--------+--------+--------+--------+-----+--------+

Top non-repeatable levels by time:
     D:3: 1189 daAuts
     D:4: 700 daAuts
     D:1: 639 daAuts
     D:2: 415 daAuts
